 Dungeon Crawl Stone Soup version 0.30-a0-424-g7412bad402 (webtiles) character file.

Game seed: 8651077501480167361

8573 Krypt the Cleaver (level 11, 0/97 HPs)
             Began as a Hill Orc Monk on Dec 9, 2022.
             Was an Elder of Beogh.
             Slain by a sixfirhy (3 damage)
             ... summoned by a kobold demonologist
             ... on level 10 of the Dungeon.
             The game lasted 00:34:47 (10902 turns).

Krypt the Cleaver (Hill Orc Monk)                  Turns: 10902, Time: 00:34:47

Health: 0/97       AC: 31    Str: 24    XL:     11   Next: 33%
Magic:  6/12       EV: 12    Int: 10    God:    Beogh [****..]
Gold:   479        SH:  0    Dex: 28    Spells: 10/10 levels left

rFire   + . .      SeeInvis .    g - +3 war axe (freeze)
rCold   . . .      Faith    +    (no shield)
rNeg    + . .      Spirit   .    z - +10 chain mail "Qaitiff" {Rampage rPois}
rPois   +          Reflect  .    (no helmet)
rElec   +          Harm     .    B - +1 cloak of Bunev {rF+ Str+5 Dex+4}
rCorr   .          Rampage  +    G - +2 pair of gloves
Will    +....                    (no boots)
Stlth   ..........               q - amulet of faith
HPRegen 0.36/turn                f - +6 ring of dexterity
MPRegen 0.13/turn                i - ring "Juj Adis" {rElec rN+ AC+4 Dex+5}

@: on berserk cooldown, slowed, very slow
A: strong-willed 1, mutation resistance 1
a: Renounce Religion, Smiting, Recall Orcish Followers


You were on level 10 of the Dungeon.
You worshipped Beogh.
Beogh was greatly pleased with you.
You visited 1 branch of the dungeon, and saw 10 of its levels.

You collected 479 gold pieces.

Inventory:

Hand Weapons
 g - a +3 war axe of freezing (weapon)
 o - a +0 broad axe
 s - a +0 battleaxe
 A - a +2 war axe of draining
Missiles
 r - 5 silver boomerangs
Armour
 z - the +10 chain mail "Qaitiff" (worn) {Rampage rPois}
   (You took it off an orc warrior on level 7 of the Dungeon)

   rPois:     It protects you from poison.
   Rampage:   It bestows one free step when moving towards enemies.
 B - the +1 cloak of Bunev (worn) {rF+ Str+5 Dex+4}
   (You found it on level 7 of the Dungeon)

   Str:       It affects your strength (+5).
   Dex:       It affects your dexterity (+4).
   rF:        It protects you from fire.
 G - a +2 pair of gloves (worn)
Jewellery
 b - a +6 ring of intelligence
 e - a ring of flight
 f - a +6 ring of dexterity (left hand)
 i - the ring "Juj Adis" (right hand) {rElec rN+ AC+4 Dex+5}
   (You found it on level 4 of the Dungeon)

   [ring of protection]

   AC:        It affects your AC (+4).
   Dex:       It affects your dexterity (+5).
   rElec:     It insulates you from electricity.
   rN:        It protects you from negative energy.
 p - a ring of poison resistance
 q - an amulet of faith (around neck)
 w - a +4 ring of evasion
Wands
 a - a wand of mindburst (9)
 k - a wand of charming (22)
 m - a wand of flame (13)
Scrolls
 h - 3 scrolls of vulnerability
 v - 3 scrolls of teleportation
 y - a scroll of butterflies
 F - 4 scrolls of identify
Potions
 c - a potion of might
 d - a potion of attraction
 l - 2 potions of brilliance
 n - a potion of berserk rage
 t - 2 potions of resistance
 x - a potion of flight
 C - 3 potions of ambrosia
 D - a potion of lignification
Miscellaneous
 H - a condenser vane


   Skills:
 + Level 9.4 Fighting
 + Level 14.7 Axes
 + Level 1.1 Throwing
 + Level 10.3 Armour
 + Level 4.2 Dodging
 + Level 3.1 Stealth
 + Level 1.7 Invocations
 + Level 1.6 Evocations


You had 10 spell levels left.
You didn't know any spells.
Your spell library contained the following spells:

 Spells                   Type           Power      Damage    Failure   Level
 Necrotise                Necr           0%         1d4       89%         1
 Sting                    Tmut/Pois      0%         1d3       89%         1
 Ensorcelled Hibernation  Hex/Ice        0%         N/A       96%         2
 Passwall                 Tmut/Erth      0%         N/A       96%         2
 Gell's Gravitas          Tloc           0%         N/A       99%         3
 Ozocubu's Armour         Ice            0%         N/A       99%         3
 Swiftness                Air            0%         N/A       99%         3
 Teleport Other           Tloc           0%         N/A       99%         3
 Vampiric Draining        Necr           0%         2d6       99%         3
 Agony                    Necr           0%         N/A       100%        5
 Iskenderun's Battlesphe  Conj           0%         2d6       100%        5
 Yara's Violent Unravell  Hex/Tmut       0%         3d3       100%        5
 Dispersal                Tloc           0%         N/A       100%        6
 Eringya's Noxious Bog    Tmut/Pois      0%         N/A       100%        6
 Iron Shot                Conj/Erth      0%         9d1       100%        6
 Enfeeble                 Hex            0%         N/A       100%        7
 Ozocubu's Refrigeration  Ice            0%         4d7       100%        7
 Spellforged Servitor     Conj/Summ      0%         N/A       100%        7
 Storm Form               Tmut/Air       0%         N/A       100%        7


Dungeon Overview and Level Annotations

Branches:
Dungeon (10/15)            Temple (0/1) D:5            Lair (0/5) D:9
    Orc: D:9-12

Altars:
Cheibriados
Dithmenos
Elyvilon
Gozag
Kikubaaqudgha
Ru
Sif Muna
Trog
Yredelemnul
Beogh

Shops:
D:1 (   D:6 [!*[(

Annotations:
D:6 3 runed translucent doors, p00ps00p's ghost, novice HOFi


Innate Abilities, Weirdness & Mutations

You are strong-willed. (Will+)
You are somewhat resistant to further mutation.


Message History

The 12-headed hydra is almost dead.
The 12-headed hydra bites you but does no damage. x2
The 12-headed hydra bites you.
* * * LOW HITPOINT WARNING * * *
The 12-headed hydra bites you.
* * * LOW HITPOINT WARNING * * *
The 12-headed hydra bites you but does no damage.
The 12-headed hydra bites you!
* * * LOW HITPOINT WARNING * * *
The 12-headed hydra barely misses you. The 12-headed hydra bites you!
* * * LOW HITPOINT WARNING * * *
The 12-headed hydra bites you but does no damage. x2
The 12-headed hydra bites you.
* * * LOW HITPOINT WARNING * * *
The 12-headed hydra closely misses you.
A red film seems to cover your vision as you go berserk!
You feel yourself moving faster!
You feel mighty! The white imp barely misses you.
You hack one of the 12-headed hydra's heads off!
The 11-headed hydra grows two more!
You slice the 13-headed hydra!! You freeze the 13-headed hydra!
You kill the 13-headed hydra!
Beogh accepts your kill.
You slash the white imp!
The kobold demonologist gestures wildly while chanting.
The kobold demonologist looks braver for a moment.
You feel a strong urge to attack something.
You are too berserk!
The sixfirhy attacks as you move away!
The sixfirhy hits you but does no damage.
You feel your anger nearly subside.
You are no longer berserk.
You are exhausted.
You feel yourself slow down. The sixfirhy attacks as you move away!
The sixfirhy hits you but does no damage.
The sixfirhy hits you!
* * * LOW HITPOINT WARNING * * *
The sixfirhy shocks you. You resist.
You die...

######### ##
#..K..3.# ..
#5#####@# ##.
#
#.##........#
..#
#†...##.####.#
..#. #.#####.#
... #.#####.#
#.# #K......#
##.## #
#.#######
#...##### #.#
#######
#.#.....# #.#
#.....#
#...###..


You could see a kobold demonologist and a sixfirhy (summoned).

Vanquished Creatures
  A hydra (D:10)
  A centaur warrior (D:8)
  A two-headed ogre (D:10)
  An unseen horror (D:10)
  A komodo dragon (D:10)
  A troll (D:9)
  2 hornets
  Sigmund (D:3)
  A shadow (D:9)
  3 orc warriors
  A wraith (D:10)
  A wyvern (D:9)
  4 yaks
  2 steam dragons
  Menkaure (D:5)
  Edmund (D:5)
  2 acid dragons
  An ice beast (D:6)
  2 sky beasts
  A black bear (D:5)
  2 ogres
  3 centaurs
  2 phantoms
  2 kobold brigands
  A bullfrog (D:6)
  3 scorpions
  10 wights
  8 killer bees (D:9)
  A howler monkey (D:9)
  3 jellies
  4 orc priests
  A hound (D:5)
  2 gnoll boudas (D:8)
  3 iguanas
  12 orc wizards
  10 adders
  A white imp (D:7)
  An ufetubus (D:5)
  3 worms
  3 dart slugs
  35 orcs
  6 endoplasms
  3 giant cockroaches
  6 goblins
  8 hobgoblins
  7 kobolds
  2 quokkas
  3 ball pythons
  6 bats
  A frilled lizard (D:1)
  4 rats
185 creatures vanquished.

Vanquished Creatures (collateral kills)
  The ghost of arthad the Chopper, a novice VSBe of Trog (D:7)
  A hornet (D:7)
  A steam dragon (D:8)
  3 orc warriors
  A wight (D:7)
  An orc priest (D:7)
  An ufetubus (D:7)
  6 orcs
15 creatures vanquished.

Vanquished Creatures (others)
  2 orc warriors
  4 orc priests
  3 orc wizards
  20 orcs
  2 plants (D:8)
31 creatures vanquished.

Grand Total: 231 creatures vanquished

Notes
Turn   | Place    | Note
-------+----------+-------------------------------------------
     0 | D:1      | Krypt the Hill Orc Monk began the quest for the Orb.
     0 | D:1      | Reached XP level 1. HP: 19/19 MP: 1/1
   126 | D:1      | Reached XP level 2. HP: 26/27 MP: 2/2
   164 | D:1      | Found Mirud's Antique Weapon Shop.
   177 | D:1      | Found a faded altar of an unknown god.
   256 | D:1      | Got the Treatise on Evolution and Blight
   753 | D:2      | Reached XP level 3. HP: 19/33 MP: 3/3
   901 | D:2      | Reached skill level 1 in Armour
  1316 | D:2      | Reached skill level 5 in Axes
  1568 | D:3      | Reached XP level 4. HP: 39/40 MP: 4/4
  2017 | D:3      | Found a snail-covered altar of Cheibriados.
  2362 | D:3      | Noticed Sigmund
  2417 | D:3      | Killed Sigmund
  2418 | D:3      | Reached skill level 6 in Axes
  2418 | D:3      | Reached XP level 5. HP: 47/47 MP: 5/5
  2418 | D:3      | Reached XP level 6. HP: 53/53 MP: 6/6
  2478 | D:3      | Gained mutation: Armour fits poorly on your strangely
                  | shaped body. [potion of mutation]
  2478 | D:3      | Gained mutation: You are partially covered in iridescent
                  | scales. (AC +2) [potion of mutation]
  2478 | D:3      | Lost mutation: Armour fits poorly on your strangely shaped
                  | body. [potion of mutation]
  2478 | D:3      | Gained mutation: You are strong-willed. (Will+) [potion of
                  | mutation]
  2611 | D:4      | Became a worshipper of Beogh the Brigand
  2611 | D:4      | Reached * piety under Beogh
  2611 | D:4      | Reached ** piety under Beogh
  2849 | D:4      | Identified the ring "Juj Adis" {rElec rN+ AC+4 Dex+5}
  2904 | D:4      | Reached skill level 7 in Axes
  2910 | D:4      | Reached XP level 7. HP: 25/60 MP: 5/7
  3391 | D:5      | Entered Level 5 of the Dungeon
  3682 | D:5      | Reached skill level 1 in Invocations
  3730 | D:5      | Noticed Edmund
  3760 | D:5      | Killed Edmund
  3761 | D:5      | Reached skill level 5 in Fighting
  3980 | D:5      | Reached skill level 8 in Axes
  4016 | D:5      | Found a staircase to the Ecumenical Temple.
  4198 | D:5      | Reached XP level 8. HP: 68/68 MP: 9/9
  4308 | D:5      | Reached skill level 5 in Armour
  4636 | D:5      | Noticed Menkaure
  4644 | D:5      | Killed Menkaure
  4840 | D:6      | Found Ilottehyde's Antique Armour Shop.
  4851 | D:6      | Reached skill level 9 in Axes
  4962 | D:6      | Found a runed translucent gate.
  4962 | D:6      | Found a runed translucent gate.
  4964 | D:6      | Found a runed translucent gate.
  4964 | D:6      | Noticed p00ps00p's ghost (novice HOFi)
  4971 | D:6      | Found Paniu's Assorted Antiques.
  5021 | D:6      | Found Neymikerr's Distillery.
  5035 | D:6      | Found Jogig's Antique Armour Boutique.
  5557 | D:6      | Reached *** piety under Beogh
  5573 | D:6      | Reached skill level 1 in Throwing
  5573 | D:6      | Reached XP level 9. HP: 47/73 MP: 10/10
  5724 | D:6      | Reached skill level 10 in Axes
  5732 | D:6      | Reached skill level 1 in Evocations
  6495 | D:6      | Found an ancient bone altar of Kikubaaqudgha.
  6541 | D:6      | Found Opuneph Fees's Weapon Boutique.
  7236 | D:7      | Noticed a hornet
  7242 | D:7      | Reached skill level 11 in Axes
  7242 | D:7      | Paralysed by a hornet for 1 turns
  7246 | D:7      | Killed a hornet
  7660 | D:7      | Found a runed translucent gate.
  7660 | D:7      | Identified the +10 chain mail "Qaitiff" {Rampage rPois}
  7660 | D:7      | Noticed arthad's ghost (novice VSBe)
  7662 | D:7      | Found a runed translucent gate.
  7663 | D:7      | Found a runed translucent gate.
  7674 | D:7      | Reached **** piety under Beogh
  7692 | D:7      | Killed arthad's ghost
  7695 | D:7      | Found a roughly hewn altar of Beogh.
  7732 | D:7      | Identified the +1 cloak of Bunev {rF+ Str+5 Dex+4}
  7816 | D:8      | Noticed a hornet
  7820 | D:8      | Killed a hornet
  7821 | D:8      | Reached skill level 12 in Axes
  7876 | D:8      | Found a shadowy altar of Dithmenos.
  7881 | D:8      | Reached XP level 10. HP: 86/86 MP: 11/11
  7977 | D:8      | Noticed a centaur warrior
  7991 | D:8      | Killed a centaur warrior
  8607 | D:8      | Found an opulent altar of Gozag.
  8611 | D:8      | Found a bloodstained altar of Trog.
  8611 | D:8      | Identified the +7 spear of Gamorirr {flame, Str+6}
  8800 | D:8      | Found a shimmering blue altar of Sif Muna.
  9037 | D:9      | Reached skill level 13 in Axes
  9166 | D:9      | Found a staircase to the Lair.
  9288 | D:9      | Lost mutation: You are strong-willed. (Will+) [potion of
                  | mutation]
  9288 | D:9      | Lost mutation: You are partially covered in iridescent
                  | scales. (AC +2) [potion of mutation]
  9288 | D:9      | Gained mutation: Your skin changes colour to match your
                  | surroundings (Stealth+). [potion of mutation]
  9288 | D:9      | Gained mutation: You are frail. (-10% HP) [potion of
                  | mutation]
  9288 | D:9      | Gained mutation: You are vulnerable to heat. (rF-) [potion
                  | of mutation]
  9289 | D:9      | Lost mutation: You are vulnerable to heat. (rF-) [potion of
                  | mutation]
  9289 | D:9      | Lost mutation: Your skin changes colour to match your
                  | surroundings (Stealth+). [potion of mutation]
  9289 | D:9      | Lost mutation: You are frail. (-10% HP) [potion of
                  | mutation]
  9289 | D:9      | Gained mutation: You are somewhat resistant to further
                  | mutation. [potion of mutation]
  9289 | D:9      | Gained mutation: You are strong-willed. (Will+) [potion of
                  | mutation]
  9465 | D:9      | Reached ***** piety under Beogh
  9931 | D:9      | Found a sacrificial altar of Ru.
 10287 | D:10     | Entered Level 10 of the Dungeon
 10296 | D:10     | Gained Bogwald as an ally
 10487 | D:10     | Found a white marble altar of Elyvilon.
 10560 | D:10     | Noticed a two-headed ogre
 10568 | D:10     | Killed a two-headed ogre
 10569 | D:10     | Reached skill level 14 in Axes
 10569 | D:10     | Reached XP level 11. HP: 62/95 MP: 12/12
 10744 | D:10     | Found a basalt altar of Yredelemnul.
 10806 | D:10     | Your ally Bogwald died
 10811 | D:10     | Noticed a red ugly thing
 10813 | D:10     | Noticed a four-headed hydra
 10816 | D:10     | Reached skill level 10 in Armour
 10823 | D:10     | Noticed a sixfirhy
 10831 | D:10     | Noticed a soul eater
 10895 | D:10     | Killed a 13-headed hydra
 10896 | D:10     | Noticed a sixfirhy
 10902 | D:10     | HP: 3/97 [sixfirhy[a kobold demonologist] (7)]
 10902 | D:10     | Slain by a sixfirhy

Illustrated notes

Levels and vault maps discovered:
D:1:      dpeg_arrival_chambers_temple_mockup, layout_rooms, serial_shops,
          nicolae_shop_trees, serial_curves, eino_curves_02, eino_curves_03,
          eino_curves_01, eino_curves_01,
          shapermc_ecumenical_altar_mp_ritualfount,
          wander_ebering_terrifying_dragon_lair
D:2:      layout_basic, minmay_misc_feat_room, grunt_ministairs_3
D:3:      layout_loops_cross, mainiacjoe_overflow_concentric_impassable,
          uniq_sigmund
D:4:      layout_basic
D:5:      layout_gridville, minmay_temple_entry_antechambers, uniq_menkaure,
          uniq_edmund
D:6:      layout_loops_ring, kiku_gazebo_pond_becter, serial_shops, shop, shop,
          nicolae_square_shop, nicolae_square_shop, nicolae_shop_hallway_plus,
          gammafunk_ghost_split
D:7:      hellmonk_ruined_rings, layout_basic, biasface_ghost_orc_armoury
D:8:      wad_cavern_with_rooms, layout_basic,
          mainiacjoe_overflow_six_doors_small, grunt_dithmenos_shadows,
          mainiacjoe_overflow_big_doors, serial_glass, glass_columns_a,
          glass_columns_a, due_unseen_surprise, feat_on_display,
          feat_on_display, item_on_display_a
D:9:      layout_basic, nicolae_ru_great_annihilating_truth, lair_entry_dummy,
          minmay_fractal_squares_diagonal_5
D:10:     layout_loops_cross, kennysheep_ying_yang, grunt_potential

Skill      XL: |  1  2  3  4  5  6  7  8  9 10 11 |
---------------+----------------------------------+-----
Fighting       | 4 5 6 7 8 9 |  9.4
Armour         | 1 3 4 6 8 9 10 | 10.3
Axes           | 5 6 7 8 9 12 14 | 14.7
Dodging        | 3 4 |  4.2
Invocations    | 1 |  1.7
Throwing       | 1 |  1.1
Evocations     | 1 |  1.6
Stealth        | 2 3 |  3.1

Action                   |  1- 3 |  4- 6 |  7- 9 | 10-12 || total
-------------------------+-------+-------+-------+-------++-------
Melee: Hand axe          |    82 |   130 |   193 |       ||   405
       Punch             |     2 |     1 |     8 |     1 ||    12
       War axe           |       |       |    78 |   150 ||   228
Throw: Javelin           |     9 |       |       |       ||     9
       Boomerang         |       |       |     7 |       ||     7
Invok: Smiting           |       |     1 |       |     3 ||     4
       Convert to Beogh  |       |     1 |       |       ||     1
Evoke: Wand              |       |       |     8 |     1 ||     9
  Use: Scroll            |     6 |     6 |     6 |     8 ||    26
       Potion            |       |     3 |     2 |     4 ||     9
 Stab: Sleeping          |     1 |       |       |       ||     1
       Confused          |       |       |     2 |       ||     2
       Distracted        |       |       |     1 |       ||     1
       Paralysed         |       |       |       |     1 ||     1
Armor: Robe              |     2 |       |       |       ||     2
       Leather armour    |    13 |       |       |       ||    13
       Chain mail        |    10 |    87 |   155 |   143 ||   395
Dodge: Dodged            |    59 |    41 |    97 |   116 ||   313

Table legend: (Time is in decaauts)
 A = Elapsed time spent in this place.
 B = Non-inter-level travel time spent in this place.
 C = Inter-level travel time spent in this place.
 D = Time resting spent in this place.
 E = Time spent auto-exploring this place.
 F = Levels seen in this place.
 G = Mean time per level.
                   A        B        C        D        E       F      G
               +--------+--------+--------+--------+--------+-----+--------+
         Total |  10862 |  10271 |    591 |   2230 |   6230 |  10 | 1086.2 |
       Dungeon |  10862 |  10271 |    591 |   2230 |   6230 |  10 | 1086.2 |
               +--------+--------+--------+--------+--------+-----+--------+

Top non-repeatable levels by time:
     D:6: 2056 daAuts
     D:5: 1385 daAuts
     D:9: 1225 daAuts
     D:7: 1195 daAuts
     D:8: 999 daAuts
     D:3: 989 daAuts
     D:4: 901 daAuts
     D:2: 800 daAuts
     D:1: 708 daAuts
    D:10: 600 daAuts
